details: '80 food army suicide charge fails to kill a single unit'

« prev index next »

General information

Mini Map

Players

team 1
HumanSupplies (teal | 87 APM | 1844 actions | 21:15)
Hero icon 7 Archmage
Ability icon 2 Summon Water Elemental
Ability icon 3 Brilliance Aura
Ability icon 1 Blizzard
Ability icon 1 Mass Teleport
Hero icon 3 Paladin
Ability icon 2 Holy Light
Ability icon 1 Divine Shield

» actions
Assign group hotkey53
Basic commands76
Build / train104
ESC pressed1
Enter build submenu31
Enter hero's abilities submenu10
Give item / drop item10
Right click801
Select / deselect402
Select group hotkey175
Use ability181
1844 total
» units
Peasant18
Footman8
Goblin Shredder2
Forest Troll Shadow Priest1
Ogre Mauler1
Sorceress3
Knight2
35 total
» upgrades
Defend2
Masonry3
Magic Sentry1
Sorceress Training2
Animal War Training1
Swords2
Armor2
13 total
» buildings
Barracks1
Altar of Kings1
Farm7
Scout Tower18
Arcane Tower5
Lumber Mill1
Town Hall1
Arcane Vault1
Keep1
Guard Tower7
Castle1
Arcane Sanctum1
Blacksmith2
Gryphon Aviary3
50 total
» build order
00:08 Barracks
00:13 Altar of Kings
00:30 Farm
00:37 Farm
00:45 Farm
01:31 Scout Tower
02:10 Farm
02:28 Farm
02:32 Arcane Tower
03:42 Lumber Mill
04:06 Farm
04:09 Farm
04:53 Scout Tower
05:18 Town Hall
05:43 Arcane Tower
06:03 Arcane Vault
06:25 Scout Tower
07:05 Arcane Tower
07:16 Keep
08:05 Scout Tower
08:05 Scout Tower
08:06 Scout Tower
08:08 Scout Tower
08:09 Scout Tower
08:10 Scout Tower
08:10 Scout Tower
09:00 Guard Tower
09:01 Guard Tower
09:10 Scout Tower
09:11 Scout Tower
09:11 Scout Tower
09:39 Castle
09:53 Guard Tower
09:58 Arcane Sanctum
10:03 Blacksmith
10:03 Blacksmith
10:27 Arcane Tower
16:13 Gryphon Aviary
16:14 Gryphon Aviary
16:18 Gryphon Aviary
16:50 Scout Tower
16:51 Scout Tower
16:51 Scout Tower
16:57 Scout Tower
17:28 Guard Tower
18:02 Guard Tower
18:30 Guard Tower
18:49 Scout Tower
19:34 Guard Tower
19:36 Arcane Tower
» items
Scroll of Regeneration5
Lesser Clarity Potion4
Mechanical Critter1
Potion of Healing6
Staff of Sanctuary1
Orb of Fire1
Scroll of Town Portal2
Potion of Mana1
Tome of Retraining1
Potion of Invisibility1
Staff of Teleportation1
Boots of Speed1
25 total
team 2
Humantheoneandonly69 (purple | 77 APM | 1629 actions | 21:14)
Hero icon 4 Mountain King
Ability icon 2 Storm Bolt
Ability icon 2 Bash
Hero icon 3 Paladin
Ability icon 2 Holy Light
Ability icon 1 Divine Shield

» actions
Assign group hotkey24
Basic commands111
Build / train58
Enter build submenu25
Enter hero's abilities submenu7
Remove unit from queue3
Right click592
Select / deselect290
Select group hotkey476
Use ability43
1629 total
» units
Peasant12
Footman2
Rifleman7
Priest8
Knight5
34 total
» upgrades
Gunpowder2
Long Rifles1
Armor1
4 total
» buildings
Altar of Kings1
Barracks2
Farm12
Blacksmith1
Scout Tower3
Arcane Vault1
Keep1
Lumber Mill1
Guard Tower3
Arcane Sanctum1
Castle1
Town Hall1
28 total
» build order
00:11 Altar of Kings
00:15 Barracks
00:24 Farm
01:35 Blacksmith
01:43 Farm
02:19 Farm
02:55 Scout Tower
03:17 Arcane Vault
03:49 Farm
04:27 Keep
04:51 Scout Tower
04:56 Lumber Mill
05:43 Barracks
05:55 Guard Tower
05:56 Guard Tower
06:03 Farm
06:19 Farm
07:20 Arcane Sanctum
08:05 Scout Tower
08:13 Farm
09:02 Guard Tower
09:19 Farm
10:26 Castle
10:49 Farm
10:53 Farm
12:57 Farm
13:25 Town Hall
16:19 Farm
» items
Scroll of Regeneration2
2 total